 Dungeon Crawl Stone Soup version 0.28.0-62-gf88900778d (webtiles) character file.

Game seed: 2766682818376562095

152231 cbfl8 the Severer (level 17, -6/234 HPs)
             Began as a Minotaur Berserker on June 29, 2023.
             Was the Champion of Trog.
             Mangled by a +4 glaive of venom (20 damage)
             ... on level 2 of the Elven Halls.
             The game lasted 00:39:56 (38479 turns).

cbfl8 the Severer (Minotaur Berserker)             Turns: 38479, Time: 00:39:57

Health: -6/234     AC: 25    Str: 30    XL:     17   Next: 2%
Magic:  14/14      EV: 10    Int:  4    God:    Trog [******]
Gold:   2534       SH: 18    Dex: 18    Spells: 16/16 levels left

rFire   . . .      SeeInvis .   s - +1 broad axe (venom)
rCold   + . .      Faith    .   t - +0 kite shield
rNeg    . . .      Spirit   .   D - +1 plate armour {rC+}
rPois   +          Reflect  +   O - +1 hat
rElec   .          Harm     .   F - scarf {repulsion}
rCorr   .          Rampage  .   u - +2 pair of gloves
Will    +....                   G - +1 pair of boots
Stlth   ..........              p - amulet of reflection
HPRegen 0.49/turn               f - +4 ring of slaying
MPRegen 0.14/turn               w - +6 ring of strength

@: berserking, lethally poisoned (-6 -> -17), repel missiles, very quick
A: horns 2, retaliatory headbutt, agile 1, low MP 1, poison resistance, noise
suppression
a: Renounce Religion, Berserk, Trog's Hand, Brothers in Arms


You were on level 2 of the Elven Halls.
You worshipped Trog.
Trog was exalted by your worship.
You visited 4 branches of the dungeon, and saw 25 of its levels.
You visited the Abyss 1 time.
You also visited: Ossuary and Ice Cave.

You collected 3150 gold pieces.
You spent 616 gold pieces at shops.

Inventory:

Hand Weapons
 s - a +1 broad axe of venom (weapon)
 z - a +2 executioner's axe of flaming
 M - a +5 vampiric broad axe
Armour
 t - a +0 kite shield (worn)
 u - a +2 pair of gloves (worn)
 D - a +1 plate armour of cold resistance (worn)
 F - a scarf of repulsion (worn)
 G - a +1 pair of boots (worn)
 O - a +1 hat (worn)
Jewellery
 f - a +4 ring of slaying (left hand)
 p - an amulet of reflection (around neck)
 r - a ring of see invisible
 w - a +6 ring of strength (right hand)
Wands
 m - a wand of flame (33)
 B - a wand of iceblast (15) (quivered)
 C - a wand of paralysis (6)
 J - a wand of digging (3)
 N - a wand of mindburst (8)
Scrolls
 b - a scroll of enchant armour
 h - 3 scrolls of immolation
 i - 4 scrolls of enchant weapon
 k - 2 scrolls of fear
 o - 2 scrolls of blinking
 q - 5 scrolls of teleportation
 v - 5 scrolls of fog
 x - 4 scrolls of noise
 H - a scroll of silence
 K - 2 scrolls of magic mapping
 L - 2 scrolls of holy word
Potions
 a - 2 potions of resistance
 c - 10 potions of ambrosia
 d - a potion of heal wounds
 e - 2 potions of might
 g - 16 potions of curing
 j - a potion of attraction
 l - 3 potions of flight
 n - 3 potions of lignification
 A - a potion of cancellation {unknown}
 E - a potion of invisibility
 I - a potion of haste {unknown}
Miscellaneous
 y - a condenser vane


   Skills:
 + Level 15.5 Fighting
 + Level 19.5 Axes
 + Level 16.4 Armour
 + Level 5.0 Dodging
 + Level 3.2 Stealth
 + Level 12.6 Shields
 * Level 13.2 Evocations


You had 16 spell levels left.
You didn't know any spells.
Your spell library was empty.

Dungeon Overview and Level Annotations

Branches:
Dungeon (15/15)            Temple (0/1) D:5            Lair (6/6) D:8
  Swamp (0/4) Lair:3        Snake (0/4) Lair:2        Slime (0/5) Lair:6
    Orc (2/2) D:9             Elf (2/3) Orc:2        Vaults (0/5) D:14
 Depths (0/4) D:15        Ossuary (visited)           IceCv (visited)

Altars:
Cheibriados
Dithmenos
Fedhas
Kikubaaqudgha
Okawaru
Qazlal
Ru
Sif Muna
Trog
Uskayaw
Vehumet
Wu Jian
Xom
Yredelemnul
Zin
The Shining One
Beogh

Shops:
D:15 ?   Orc:1 (   Orc:2 =:(=?

Portals:
Trove: Elf:2 (give +5 ice dragon scales)

Annotations:
D:13 Erolcha
Lair:4 2 transporters, Xyudeake's ghost, journeyman DEFE


Innate Abilities, Weirdness & Mutations

You have a pair of horns on your head.
You reflexively headbutt those who attack you in melee.
You are agile. (Dex +2)
Your magical capacity is low. (-10% MP)
Your system is resistant to poisons. (rPois)
You passively dampen the noise of your surroundings.


Message History

The +4 glaive of venom hits you!
The deep elf zephyrmancer points at you and mumbles some strange words.
The bolt of lightning hits the +4 glaive of venom.
The +4 glaive of venom completely resists.
The bolt of lightning is repelled.
A red film seems to cover your vision as you go berserk!
You feel yourself moving faster!
You feel mighty!
You block the +4 glaive of venom's attack.
The deep elf zephyrmancer casts a spell at you.
The bolt of lightning hits the +4 glaive of venom.
The +4 glaive of venom completely resists.
The bolt of lightning hits you!! The +4 glaive of venom hits you!!
* * * LOW HITPOINT WARNING * * *
You are poisoned.
You are too injured to fight recklessly!
Unknown command.
You are too injured to fight recklessly!
Unknown command.
You are too injured to fight recklessly!
You miss the +4 glaive of venom.
Your headbutt misses the +4 glaive of venom.
You feel very sick.
The deep elf zephyrmancer casts a spell at you.
The bolt of lightning hits the +4 glaive of venom.
The +4 glaive of venom completely resists.
The bolt of lightning hits you!
* * * LOW HITPOINT WARNING * * *
You completely miss the +4 glaive of venom.
Your headbutt misses the +4 glaive of venom.
You feel sick. The +4 glaive of venom hits you!
* * * LOW HITPOINT WARNING * * *
Unknown command.
You barely miss the +4 glaive of venom.
You feel sick.
The deep elf zephyrmancer points at you and mumbles some strange words.
The bolt of lightning hits the +4 glaive of venom.
The +4 glaive of venom completely resists.
The bolt of lightning hits you!!
* * * LOW HITPOINT WARNING * * *
The +4 glaive of venom hits you!!
You die...

.... #.......#### ......#
#........#.###### .......
#.........#.....##
..........###.....)..###.....##
.........#.##.................##
.......e#..##..................#
.......#..(##..####'####.......#
#.....#....##..#.......#.......#
#...#..ยง..#####@......#......##
#.......'..(.......#.....##
#.......'e.........'....##
#.......').........#...###
#...#.....#####.......#.....#
#.....#....##..#.......#..##.#
.......#...##..####'####..##.#
........#..##.............##.#
.........#.##.....).......##.#


You could see a deep elf zephyrmancer and a +4 glaive of venom.

Vanquished Creatures
  Kirke (D:13)
  A deep elf sorcerer (Elf:1)
  A quicksilver ooze (shapeshifter) (D:14)
  Nessos (D:15)
  Snorg (Lair:5)
  A fire dragon (D:14)
  A great orb of eyes (Lair:6)
  9 hydras
  4 ogre magi
  6 boulder beetles
  5 catoblepae
  5 centaur warriors
  9 two-headed ogres
  10 dancing weapons
  10 death yaks
  2 tengu warriors
  2 deep elf knights
  An orc high priest (Elf:2)
  Sonja (Lair:4)
  A harpy (shapeshifter) (D:14)
  A deep elf archer (Elf:2)
  2 lindwurms
  13 deep elf zephyrmancers
  A wizard (D:15)
  Pikel (D:8)
  A necromancer (D:15)
  24 deep elf pyromancers
  2 orc knights
  A wolf spider (D:15)
  9 ugly things
  7 manticores
  10 orc sorcerers
  7 cyclopes
  7 elephants
  An oklob plant (Lair:6)
  2 naga magi (D:15)
  3 ice statues (IceCv)
  3 gargoyles
  8 black mambas
  3 centaur skeletons (D:15)
  A molten gargoyle (D:14)
  2 rime drakes (shapeshifter)
  2 rime drakes (Lair:3)
  A freezing wraith (IceCv)
  6 kobold demonologists
  An efreet (D:14)
  13 cane toads
  An anaconda simulacrum (IceCv)
  8 komodo dragons
  A tengu conjurer (D:13)
  A yaktaur (shapeshifter) (D:14)
  A queen bee (Lair:1)
  2 wolf spider simulacra (D:15)
  6 trolls
  A tyrant leech (Lair:6)
  25 blink frogs
  3 polar bears
  4 slime creatures
  11 dream sheep
  A hornet (D:11)
  A centaur simulacrum (D:15)
  A shadow (D:12)
  4 wyverns
  2 vampires
  39 yaks
  An air elemental (Elf:2)
  A dire elephant simulacrum (IceCv)
  2 hogs
  A wraith (D:13)
  7 basilisks
  4 death yak simulacra (IceCv)
  18 vampire mosquitoes
  Eustachio (D:4)
  Menkaure (D:7)
  5 wargs
  14 water moccasins
  3 acid dragons
  5 nagas (Lair:2)
  2 sky beasts
  Duvessa (D:6)
  2 hornet zombies
  16 orc warriors
  A black bear (Lair:3)
  17 wolves
  19 ogres
  3 centaurs
  A lemure (D:8)
  3 phantoms
  3 elf zombies (Ossuary)
  11 bullfrogs
  3 kobold brigands
  4 scorpions
  7 gnoll sergeants
  2 earth elementals
  A water moccasin zombie (D:4)
  Dowan (D:6)
  A hornet simulacrum (D:14)
  28 killer bees
  7 wights (D:8)
  A howler monkey (D:8)
  12 electric eels
  A bullfrog zombie (D:9)
  2 human zombies (Ossuary)
  10 orc priests
  3 jellies
  4 centaur zombies
  A bullfrog skeleton (D:7)
  3 iguanas
  Terence (D:2)
  33 orc wizards
  2 polar bear simulacra (IceCv)
  13 hell rats (Lair:6)
  2 killer bee zombies
  2 wolf simulacra (IceCv)
  5 hound zombies
  2 hound skeletons (D:4)
  3 mummies (Ossuary)
  2 howler monkey zombies
  17 gnolls
  9 adders
  A shadow imp (D:7)
  A white imp (D:6)
  5 adder zombies
  An adder skeleton (D:4)
  2 worms
  6 dart slugs
  63 orcs
  7 ball pythons
  6 bats
  6 endoplasms
  7 giant cockroaches
  8 goblins
  8 hobgoblins
  2 jackals (D:1)
  4 quokkas
  A frilled lizard (D:3)
  5 goblin zombies
  4 hobgoblin zombies (Ossuary)
  A jackal zombie (Ossuary)
  13 kobolds
  2 kobold zombies (Ossuary)
  2 orc zombies (Ossuary)
  5 quokka zombies
  3 rats
  5 rat zombies (Ossuary)
  2 bushes (Lair:6)
810 creatures vanquished.

Vanquished Creatures (collateral kills)
  A hydra (D:7)
1 creature vanquished.

Vanquished Creatures (others)
  2 orcs (Orc:2)
  27 fungi
  103 plants
132 creatures vanquished.

Grand Total: 943 creatures vanquished

Notes
Turn   | Place    | Note
-------+----------+-------------------------------------------
     0 | D:1      | cbfl8 the Minotaur Berserker began the quest for the Orb.
     0 | D:1      | Reached XP level 1. HP: 19/19 MP: 0/0
   216 | D:1      | Reached XP level 2. HP: 27/27 MP: 1/1
   291 | D:1      | Found a faded altar of an unknown god.
   293 | D:1      | You fall into a shaft and drop 1 floor!
   338 | D:2      | Reached skill level 4 in Axes
   685 | D:2      | Found a blossoming altar of Fedhas.
   716 | D:2      | Reached skill level 1 in Evocations
   716 | D:2      | Reached XP level 3. HP: 31/33 MP: 2/2
  1460 | D:2      | Noticed Terence
  1467 | D:2      | Killed Terence
  1467 | D:2      | Reached ** piety under Trog
  1468 | D:2      | Reached XP level 4. HP: 35/40 MP: 3/3
  2460 | D:3      | Reached XP level 5. HP: 41/47 MP: 4/4
  2666 | D:3      | Found a shadowy altar of Dithmenos.
  2666 | D:3      | Found a radiant altar of Vehumet.
  2963 | D:4      | Reached skill level 5 in Axes
  2990 | D:4      | Noticed an ogre
  2996 | D:4      | Killed an ogre
  3032 | D:4      | Noticed Eustachio
  3055 | D:4      | Found a sand-covered staircase.
  3063 | Ossuary  | Entered an ossuary
  3099 | Ossuary  | Reached XP level 6. HP: 38/53 MP: 5/5
  3339 | Ossuary  | Reached *** piety under Trog
  3340 | Ossuary  | Reached skill level 6 in Axes
  3408 | Ossuary  | Reached XP level 7. HP: 49/60 MP: 6/6
  3496 | Ossuary  | Reached skill level 5 in Fighting
  3561 | D:4      | Killed Eustachio
  3622 | D:4      | Reached skill level 7 in Axes
  3642 | D:4      | Found a basalt altar of Yredelemnul.
  3688 | D:4      | Reached skill level 5 in Armour
  3838 | D:4      | Reached XP level 8. HP: 69/69 MP: 7/7
  3909 | D:4      | Reached **** piety under Trog
  4328 | D:4      | Found a snail-covered altar of Cheibriados.
  4339 | D:4      | Reached skill level 8 in Axes
  4683 | D:5      | Entered Level 5 of the Dungeon
  4858 | D:5      | Found a staircase to the Ecumenical Temple.
  4951 | D:5      | Found a glowing silver altar of Zin.
  5046 | D:5      | Reached skill level 9 in Axes
  5445 | D:6      | Reached skill level 1 in Stealth
  5466 | D:6      | Found a shimmering blue altar of Sif Muna.
  5528 | D:6      | Reached XP level 9. HP: 76/78 MP: 8/8
  5673 | D:6      | Noticed Duvessa
  5680 | D:6      | Killed Duvessa
  5680 | D:6      | Noticed Dowan
  5691 | D:6      | Reached skill level 5 in Evocations
  5691 | D:6      | Killed Dowan
  5692 | D:6      | Reached skill level 10 in Axes
  5850 | D:6      | Found a shimmering altar of Xom.
  5885 | D:6      | Found a sacrificial altar of Ru.
  6142 | D:6      | Found an iron altar of Okawaru.
  6883 | D:7      | Found an ornate altar of the Wu Jian Council.
  6911 | D:7      | Noticed a six-headed hydra
  7022 | D:7      | Killed a six-headed hydra
  7242 | D:7      | Reached skill level 11 in Axes
  7242 | D:7      | Reached skill level 1 in Shields
  7583 | D:7      | Noticed Menkaure
  7592 | D:7      | Killed Menkaure
  7863 | D:7      | Reached XP level 10. HP: 55/86 MP: 9/9
  8294 | D:8      | Noticed a two-headed ogre
  8301 | D:8      | Killed a two-headed ogre
  8457 | D:8      | Noticed Pikel
  8465 | D:8      | Killed Pikel
  8469 | D:8      | Reached skill level 12 in Axes
  8702 | D:8      | Noticed a two-headed ogre
  8711 | D:8      | Killed a two-headed ogre
  9223 | D:8      | Found a staircase to the Lair.
  9248 | D:8      | Gained mutation: Your mind is acute. (Int +2) [potion of
                  | mutation]
  9248 | D:8      | Gained mutation: You tend to lose your temper in combat.
                  | [potion of mutation]
  9248 | D:8      | Gained mutation: You are clumsy. (Dex -2) [potion of
                  | mutation]
  9249 | D:8      | Lost mutation: Your mind is acute. (Int +2) [potion of
                  | mutation]
  9249 | D:8      | Lost mutation: You are clumsy. (Dex -2) [potion of
                  | mutation]
  9249 | D:8      | Gained mutation: You are frail. (-10% HP) [potion of
                  | mutation]
  9250 | D:8      | Lost mutation: You tend to lose your temper in combat.
                  | [potion of mutation]
  9250 | D:8      | Lost mutation: You are frail. (-10% HP) [potion of
                  | mutation]
  9250 | D:8      | Gained mutation: Your flesh is cold resistant. (rC+)
                  | [potion of mutation]
  9250 | D:8      | Gained mutation: Your spells are a little easier to cast,
                  | but a little less powerful. [potion of mutation]
  9250 | D:8      | Gained mutation: Your muscles are strong. (Str +2) [potion
                  | of mutation]
  9250 | D:8      | Gained mutation: You have an increased reservoir of magic.
                  | (+10% MP) [potion of mutation]
  9251 | D:8      | Lost mutation: You have an increased reservoir of magic.
                  | (+10% MP) [potion of mutation]
  9251 | D:8      | Lost mutation: Your spells are a little easier to cast, but
                  | a little less powerful. [potion of mutation]
  9251 | D:8      | Gained mutation: Your muscles are very strong. (Str +4)
                  | [potion of mutation]
  9251 | D:8      | Gained mutation: You are clumsy. (Dex -2) [potion of
                  | mutation]
  9251 | D:8      | Gained mutation: You have hidden genetic potential. [potion
                  | of mutation]
  9251 | D:8      | Gained mutation: Your mind is acute. (Int +2) [potion of
                  | mutation]
  9303 | D:9      | Found a staircase to the Orcish Mines.
 10312 | D:9      | Found a stormy altar of Qazlal.
 10337 | D:9      | Noticed a two-headed ogre
 10343 | D:9      | Killed a two-headed ogre
 10344 | D:9      | Reached XP level 11. HP: 67/95 MP: 10/10
 10540 | D:9      | Reached skill level 13 in Axes
 11448 | D:10     | Entered Level 10 of the Dungeon
 11771 | D:10     | Found a glowing golden altar of the Shining One.
 12355 | D:10     | Noticed a two-headed ogre
 12367 | D:10     | Killed a two-headed ogre
 12620 | D:10     | Identified the +10 mace of Uncertain Death {pain, rPois rF+
                  | Int-5 Dex+4}
 12848 | D:11     | Noticed a two-headed ogre
 12855 | D:11     | Killed a two-headed ogre
 12856 | D:11     | Reached skill level 10 in Armour
 12861 | D:11     | Gained mutation: You have sharp fingernails. [hidden
                  | potential]
 12900 | D:11     | Reached ***** piety under Trog
 13133 | D:11     | Reached skill level 5 in Shields
 14377 | D:12     | Noticed a soul eater
 14378 | D:12     | Reached skill level 14 in Axes
 14398 | D:12     | Reached XP level 12. HP: 42/105 MP: 11/11
 14833 | D:12     | Noticed a five-headed hydra
 14847 | D:12     | Killed a 12-headed hydra
 15599 | D:13     | Noticed a boulder beetle
 15611 | D:13     | Killed a boulder beetle
 15891 | D:13     | Noticed a two-headed ogre
 15898 | D:13     | Killed a two-headed ogre
 16022 | D:13     | Gained mutation: You have a pair of large horns on your
                  | head. [hidden potential]
 16022 | D:13     | Lost mutation: You have hidden genetic potential. [hidden
                  | potential expressed]
 16071 | D:13     | Lost mutation: You are clumsy. (Dex -2) [potion of
                  | mutation]
 16071 | D:13     | Lost mutation: Your muscles are very strong. (Str +4)
                  | [potion of mutation]
 16071 | D:13     | Lost mutation: Your flesh is cold resistant. (rC+) [potion
                  | of mutation]
 16071 | D:13     | Gained mutation: Potions are less effective at restoring
                  | your health. [potion of mutation]
 16071 | D:13     | Gained mutation: You are partially covered in large bone
                  | plates. (SH +4) [potion of mutation]
 16072 | D:13     | Lost mutation: Your muscles are strong. (Str +2) [potion of
                  | mutation]
 16072 | D:13     | Lost mutation: You have a pair of large horns on your head.
                  | [potion of mutation]
 16072 | D:13     | Lost mutation: You have sharp fingernails. [potion of
                  | mutation]
 16072 | D:13     | Lost mutation: Your mind is acute. (Int +2) [potion of
                  | mutation]
 16072 | D:13     | Gained mutation: Your magical capacity is low. (-10% MP)
                  | [potion of mutation]
 16072 | D:13     | Gained mutation: Your system is resistant to poisons.
                  | (rPois) [potion of mutation]
 16072 | D:13     | Gained mutation: Your mind is acute. (Int +2) [potion of
                  | mutation]
 16073 | D:13     | Lost mutation: You are partially covered in large bone
                  | plates. (SH +4) [potion of mutation]
 16073 | D:13     | Lost mutation: Potions are less effective at restoring your
                  | health. [potion of mutation]
 16073 | D:13     | Lost mutation: Your mind is acute. (Int +2) [potion of
                  | mutation]
 16073 | D:13     | Gained mutation: You possess an exceptional clarity of
                  | mind. [potion of mutation]
 16073 | D:13     | Gained mutation: You passively dampen the noise of your
                  | surroundings. [potion of mutation]
 16073 | D:13     | Gained mutation: You are agile. (Dex +2) [potion of
                  | mutation]
 16119 | D:13     | Found a sacrificial altar of Ru.
 16134 | D:13     | Noticed a two-headed ogre
 16135 | D:13     | Noticed a two-headed ogre
 16136 | D:13     | Noticed a two-headed ogre
 16142 | D:13     | Killed a two-headed ogre
 16148 | D:13     | Killed a two-headed ogre
 16148 | D:13     | Killed a two-headed ogre
 16149 | D:13     | Reached skill level 10 in Fighting
 16166 | D:13     | Noticed an ogre mage
 16174 | D:13     | Killed an ogre mage
 16500 | D:13     | Reached skill level 15 in Axes
 16540 | D:13     | Noticed a catoblepas
 16569 | D:13     | Killed a catoblepas
 17027 | D:13     | Noticed Erolcha
 17027 | D:13     | Noticed a tengu warrior
 17488 | D:13     | Noticed Kirke
 17498 | D:13     | Killed Kirke
 17640 | D:13     | Killed a tengu warrior
 18250 | D:14     | Noticed a centaur warrior
 18259 | D:14     | Killed a centaur warrior
 18260 | D:14     | Reached XP level 13. HP: 105/114 MP: 10/10
 18751 | D:14     | Noticed a quicksilver ooze
 18758 | D:14     | Killed a quicksilver ooze
 19315 | D:14     | Found a gate to the Vaults.
 19862 | D:14     | Reached skill level 16 in Axes
 19862 | D:14     | Reached skill level 10 in Evocations
 19862 | D:14     | Reached XP level 14. HP: 124/124 MP: 11/11
 20518 | D:14     | Found a hide-covered altar of Uskayaw.
 21309 | D:15     | Entered Level 15 of the Dungeon
 22526 | D:15     | Found a staircase to the Depths.
 22850 | D:15     | Noticed Nessos
 22859 | D:15     | Killed Nessos
 23394 | D:15     | Found Paximiti's Magic Scroll Emporium.
 23398 | D:15     | Bought a scroll of teleportation for 54 gold pieces
 23398 | D:15     | Bought a scroll of teleportation for 54 gold pieces
 23398 | D:15     | Bought a scroll of identify for 36 gold pieces
 23398 | D:15     | Bought a scroll of identify for 36 gold pieces
 23398 | D:15     | Bought a scroll of identify for 36 gold pieces
 23623 | Lair:1   | Entered Level 1 of the Lair of Beasts
 23697 | Lair:1   | Reached XP level 15. HP: 128/133 MP: 12/12
 23720 | Lair:1   | Identified a scroll of acquirement
 23722 | Lair:1   | Acquired a +1 vorpal broad axe
 23900 | Lair:1   | Found a frozen archway.
 23915 | IceCv    | Entered an ice cave
 24033 | IceCv    | Reached skill level 17 in Axes
 24429 | IceCv    | Reached skill level 10 in Shields
 25753 | Lair:2   | Identified the +0 helmet of the Eternal Fruit {rElec rF+
                  | rN+++ Dex-5}
 26092 | Lair:2   | Found a staircase to the Snake Pit.
 26883 | Lair:3   | Reached skill level 15 in Armour
 27267 | Lair:3   | Received a gift from Trog
 27705 | Lair:3   | Found a staircase to the Swamp.
 28394 | Lair:3   | Reached skill level 18 in Axes
 28925 | Lair:4   | Noticed Sonja
 28942 | Lair:4   | Killed Sonja
 29261 | Lair:4   | Found a transporter.
 29267 | Lair:4   | Found a bloodstained altar of Trog.
 29428 | Lair:4   | Found a transporter.
 29448 | Lair:4   | Noticed Xyudeake's ghost (journeyman DEFE)
 29710 | Lair:5   | Noticed Snorg
 29721 | Lair:5   | Killed Snorg
 30512 | Lair:5   | Identified the -3 pair of boots of Immorality {rF+ Str-5
                  | Dex+4 Stlth+}
 30549 | Lair:6   | Entered Level 6 of the Lair of Beasts
 30863 | Lair:6   | Reached XP level 16. HP: 145/145 MP: 13/13
 30864 | Lair:6   | Received a gift from Trog
 31445 | Lair:6   | Found a staircase to the Slime Pits.
 32304 | Lair:6   | Reached skill level 5 in Dodging
 32727 | Orc:1    | Entered Level 1 of the Orcish Mines
 32748 | Orc:1    | Found Ysaecw's Weapon Shop.
 32859 | Orc:2    | Entered Level 2 of the Orcish Mines
 33284 | Orc:2    | Reached ****** piety under Trog
 33299 | Orc:2    | Found Orghu's Jewellery Boutique.
 33940 | Orc:2    | Found a staircase to the Elven Halls.
 34240 | Orc:2    | Found Qiamm's Book Emporium.
 34263 | Orc:2    | Found an ancient bone altar of Kikubaaqudgha.
 34512 | Orc:2    | Paralysed by an orc sorcerer for 7 turns
 34514 | Orc:2    | Lost mutation: You possess an exceptional clarity of mind.
                  | [a neqoxec]
 34522 | Orc:2    | Received a gift from Trog
 34589 | Orc:2    | Found a radiant altar of Vehumet.
 34859 | Orc:2    | Found Wisohuic's Antique Weapon Shoppe.
 34861 | Orc:2    | Found Ajivalin's Jewellery Emporium.
 35124 | Orc:2    | Found Eghey's Magic Scroll Emporium.
 35133 | Orc:2    | Bought an amulet of reflection for 330 gold pieces
 35151 | Orc:2    | Bought a scroll of teleportation for 42 gold pieces
 35151 | Orc:2    | Bought a scroll of identify for 28 gold pieces
 35475 | Elf:1    | Entered Level 1 of the Elven Halls
 35537 | Orc:2    | Reached skill level 19 in Axes
 36115 | Elf:1    | Reached skill level 15 in Fighting
 36206 | Elf:1    | Received a gift from Trog
 36632 | Elf:1    | Cast into level 3 of the Abyss (a deep elf sorcerer)
 36676 | Elf:1    | Escaped the Abyss
 37275 | Elf:2    | Found a runed translucent gate.
 37275 | Elf:2    | Found a runed translucent gate.
 37276 | Elf:2    | Found a runed translucent gate.
 37769 | Elf:2    | Paralysed by an air elemental for 1 turns
 37773 | Elf:2    | Paralysed by an air elemental for 1 turns
 37777 | Elf:2    | Reached XP level 17. HP: 144/156 MP: 14/14
 38054 | Elf:2    | Found a portal to a secret trove of treasure.
 38479 | Elf:2    | Mangled by a +4 glaive of venom

Illustrated notes

Levels and vault maps discovered:
D:1:      erik_arrival_cave_to_civilisation [erik_arrival_cave_to_hall],
          layout_basic, basic_ecumenical_altar
D:2:      cheibrodos_old_hovel, layout_loops_ring, basic_altar,
          serial_co_window_serial, co_window_corner_a, co_window_corner_a,
          co_window_of_opportunity_a, co_window_paths_b,
          co_window_of_opportunity_a, co_window_corner_a,
          co_window_unsneaky_path_c, co_window_broadway_c, co_window_paths_c,
          co_window_corner_b, co_window_sun, co_window_paths_e, glass_columns_a,
          uniq_terence
D:3:      layout_loops_ring, gammafunk_temple_overflow_wave,
          minmay_misc_feat_roman, grunt_ministairs_12
D:4:      minmay_chambers_of_threes, layout_basic,
          nicolae_yredelemnul_corpse_copse, cheibriados_altar_1,
          enter_ossuary_4, chequers_hall_statues_wall_a, uniq_eustachio
D:5:      layout_gridville, amcnicky_altar_gilded, minmay_temple_entry_grid
D:6:      layout_layer_cave, okawaru_altar_gauntlet_db,
          mainiacjoe_overflow_chevrons, lemuel_tele_altar, lemuel_doored_altar,
          uniq_duvessa
D:7:      layout_gridville, mainiacjoe_overflow_catwalk, uniq_menkaure
D:8:      layout_loops_ring, lair_entry_dummy, uniq_pikel
D:9:      layout_loops_ring, mainiacjoe_overflow_six_doors_small,
          kennysheep_orc_monster_closet_entryway, serial_co_window_serial,
          co_window_corner_a, co_window_corner_a, co_window_of_opportunity_a,
          co_window_corner_a, co_window_of_opportunity_a, co_window_paths_b,
          co_window_paths_b, co_window_of_opportunity_a, co_window_paths_a,
          co_window_broadway_b, co_window_corner_ca, co_window_broadway_c,
          co_window_broadway_b, glass_columns_c, glass_columns_b,
          glass_columns_a, serial_bayou_lagoon_a
D:10:     minmay_weird_star, layout_basic, kennysheep_mini_moat,
          hangedman_abyss_or_decor_lesser_grid
D:11:     layout_loops_ring, hangedman_decor_slide_cut
D:12:     layout_stronghold
D:13:     layout_basic, nicolae_lava_and_water, nicolae_ru_sacrificial_ziggurat,
          uniq_kirke, uniq_erolcha
D:14:     layout_stronghold, erik_vaults_1, nicolae_uskayaw_suspiria,
          minmay_hollow_rounded_squares
D:15:     grunt_enter_depths_magical_seal, layout_loops_ring,
          minmay_misc_feat_tower, serial_shops, shop, uniq_nessos
Lair:1:   layout_cellular_growth, portal_ice_cave_entry_pillars_2, special_room
          [special_room_bee], nicolae_lair_grove_arrangements,
          grunt_megastairs_5
Lair:2:   layout_chaotic_city, minmay_snake_entry_guardpost_medium
Lair:3:   nzn_winding_woodlands_huge [nzn_winding_woodlands_5x15_pool,
          nzn_winding_woodlands_5x15_sidewinder,
          nzn_winding_woodlands_5x15_lazy_stream,
          nzn_winding_woodlands_5x15_river_crossing,
          nzn_winding_woodlands_5x15_sawtooth,
          nzn_winding_woodlands_5x15_split_checker,
          nzn_winding_woodlands_5x15_garden,
          nzn_winding_woodlands_5x15_pathside_ponds,
          nzn_winding_woodlands_5x15_parted, nzn_winding_woodlands_5x15_pockets,
          nzn_winding_woodlands_center_garden,
          nzn_winding_woodlands_center_lodge,
          nzn_winding_woodlands_15x15_killbox], layout_regular_city,
          minmay_swamp_entry_eels
Lair:4:   layout_regular_city, serial_forest, infiniplex_forest_split,
          infiniplex_forest_zigzag_2, infiniplex_forest_clump_medium,
          infiniplex_forest_clump_double, infiniplex_forest_clump_long,
          gammafunk_ghost_wrathful_warriors, serial_bayou_lagoon_b,
          serial_bayou_shore_b, uniq_sonja
Lair:5:   layout_hall_layers, uniq_snorg
Lair:6:   evilmike_catoblepas_cave, layout_regular_city,
          minmay_slime_entry_pillars, minmay_lair_oklob_bushes, minivault_19,
          infiniplex_staircase_pool_2, lemuel_fruit_tree
Orc:1:    layout_diamond_mine, basic_altar, serial_shops, shop
Orc:2:    kennysheep_orc_mage_school, layout_caves, serial_shops, shop
Elf:1:    minmay_elf_arrival_plus, layout_geoelf_octagon, minmay_elf_sorcery
Elf:2:    nicolae_elf_blades_splatter_lattice [grunt_blade_entry_basic],
          layout_loops_corners, enter_trove_6

Skill      XL: |  1  2  3  4  5  6  7  8  9 10 11 12 13 14 15 16 |
---------------+-------------------------------------------------+-----
Axes           | 4 5 6 7 9 11 12 14 15 16 18 19 | 19.5
Evocations     | 1 2 3 4 6 7 8 9 10 11 12 13 | 13.2
Fighting       | 4 5 6 7 8 9 10 11 12 13 15 | 15.5
Dodging        | 3 4 5 |  5.0
Armour         | 3 4 5 6 7 9 10 12 13 14 15 16 | 16.4
Stealth        | 1 2 3 |  3.2
Shields        | 1 3 5 7 8 9 11 12 | 12.6

Action                   |  1- 3 |  4- 6 |  7- 9 | 10-12 | 13-15 | 16-18 || total
-------------------------+-------+-------+-------+-------+-------+-------++-------
Melee: Hand axe          |    70 |   117 |   111 |       |       |       ||   298
       Headbutt          |    11 |    23 |    60 |    95 |   225 |   152 ||   566
       Punch             |     2 |     2 |     1 |       |       |       ||     5
       War axe           |       |       |   150 |   454 |   284 |       ||   888
       Broad axe         |       |       |       |       |   483 |   510 ||   993
       Executioner's axe |       |       |       |       |    25 |       ||    25
Invok: Berserk           |       |     1 |     3 |     8 |    13 |     3 ||    28
       Brothers in Arms  |       |       |     2 |       |       |       ||     2
Evoke: Wand              |       |       |       |     7 |     5 |    10 ||    22
  Use: Scroll            |       |     3 |     3 |     5 |    13 |     6 ||    30
       Potion            |       |       |       |    13 |     5 |       ||    18
Armor: Animal skin       |    10 |       |       |       |       |       ||    10
       Ring mail         |    11 |       |       |       |       |       ||    11
       Plate armour      |     5 |    64 |   155 |   309 |   432 |   216 ||  1181
Dodge: Dodged            |    40 |    33 |    69 |   155 |   222 |   119 ||   638
       Repelled          |       |       |       |       |     2 |     6 ||     8
Block: Kite shield       |       |       |    34 |   231 |   402 |   261 ||   928
       Reflection        |       |       |       |       |       |     9 ||     9
